 Seeded DCSS version 0.30-a0-1035-g38d5fb2972 (webtiles) character file.

Game seed: 7547814903460644772 (custom seed)

16 DeathPants the Stinger (level 2, -3/20 HPs)
             Began as a Ghoul Venom Mage on Apr 8, 2023.
             Slain by a worm (9 damage)
             ... on level 1 of the Dungeon.
             The game lasted 00:02:27 (543 turns).

DeathPants the Stinger (Ghoul Venom Mage)            Turns: 543, Time: 00:02:27

Health: -3/20      AC:  2    Str: 11    XL:     2   Next: 58%
Magic:  3/4        EV: 12    Int: 10    God:
Gold:   30         SH:  0    Dex:  9    Spells: 2/5 levels left

rFire   . . .      SeeInvis .    e - +4 dagger
rCold   + . .      Faith    .    (no shield)
rNeg    + + +      Spirit   .    a - +0 robe
rPois   ∞          Reflect  .    (no helmet)
rElec   .          Rampage  .    (no cloak)
rCorr   .                        (no gloves)
Will    .....                    (no boots)
Stlth   ++                       (no amulet)
HPRegen 0.00/turn                (no ring)
MPRegen 0.09/turn                (no ring)

@: inhibited regen
A: claws 1, cold resistance 1, negative energy resistance 3, inhibited
regeneration, torment resistance 2, devour on kill
a: no special abilities


You were on level 1 of the Dungeon.
You visited 1 branch of the dungeon, and saw 2 of its levels.

You collected 30 gold pieces.

Inventory:

Hand Weapons
 e - a +4 dagger (weapon)
 i - a +0 rapier
Armour
 a - a +0 robe (worn)
Scrolls
 c - a scroll of identify {unknown}
 d - a scroll of magic mapping {unknown}
Potions
 b - a potion of magic
 f - 2 potions of experience {unknown}
 g - a potion of might {unknown}
 h - a potion of cancellation {unknown}
 j - a potion of haste {unknown}


   Skills:
 - Level 1.7 Dodging
 - Level 2.1 Stealth
 + Level 2.2 Spellcasting
 - Level 0.8 Transmutations
 + Level 3.4 Poison Magic


You had 2 spell levels left.
You knew the following spells:

 Your Spells              Type           Power      Damage    Failure   Level
a - Sting                 Tmut/Pois      20%        1d4       13%         1
b - Poisonous Vapours     Pois/Air       8%         N/A       22%         2

Your spell library contained the following spells:

 Spells                   Type           Power      Damage    Failure   Level
 Mephitic Cloud           Conj/Pois/Air  3%         N/A       50%         3
 Olgreb's Toxic Radiance  Pois           8%         N/A       58%         4


Dungeon Overview and Level Annotations

Branches:
Dungeon (2/15)

Altars:


Innate Abilities, Weirdness & Mutations

You are immune to poison.
You have sharp fingernails.
Your flesh is cold resistant. (rC+)
You are immune to negative energy. (rN+++)
You do not regenerate when monsters are visible.
You are immune to unholy pain and torment.
You thrive by killing the living.


Message History

You see here a lumpy sapphire potion.
You miss the bat. The bat hits you.
You barely miss the bat. The bat closely misses you.
The bat attacks as you move away! The bat misses you.
The bat closely misses you. The bat attacks as you move away!
The bat barely misses you. The bat hits you but does no damage.
The bat hits you.
You puncture the bat!
You kill the bat!
j - a lumpy sapphire potion You see here a bat corpse.
Found a stone staircase leading down.
There is a stone staircase leading down here.
You climb downwards.
The adder hisses angrily.
The goblin shouts!
The adder barely misses you. The worm closely misses you.
The hobgoblin shouts!
You hear a shout!
There is a stone staircase leading up here.
The adder misses you. The goblin completely misses you.
The adder barely misses you.
You climb upwards.
There is a stone staircase leading down here.
You barely miss the goblin. The goblin hits you but does no damage.
The worm bites you but does no damage.
You barely miss the goblin. The goblin hits you with a +0 club.
You barely miss the goblin. The goblin barely misses you. The worm bites you!
Ouch! That really hurt!
You hit the goblin.
The goblin is severely wounded.
The goblin completely misses you. The worm bites you.
* * * LOW HITPOINT WARNING * * *
Aiming: Sting (safe; 13% risk of failure)
Press: ? - help, Q - select action, (/) - cycle Shift-Dir - straight line, f - goblin
Aim: a goblin, wielding a +0 club (severely wounded, 60% to hit)
The sting hits the goblin.
The goblin is poisoned.
You kill the goblin!
You feel better. The worm bites you!
You die...

.........♣..##
(..###..♣_♣..####
...# ##..♣......#
# ...#
#.........# .#
...# ###.......#
#.# ..##
####......###..#
..#
#...†.....#S..
..#
#...#######.#w#
..##..## #..@>#
..#..# #.####
....# #. ...## #.
.#.# #. ...# ..
#### ##


You could see a worm and an adder.

Vanquished Creatures
  A ball python (D:1)
  2 bats (D:1)
  An endoplasm (D:1)
  3 goblins (D:1)
  3 hobgoblins (D:1)
  A frilled lizard (D:1)
  2 kobolds (D:1)
  2 rats (D:1)
15 creatures vanquished.

Notes
Turn   | Place    | Note
-------+----------+-------------------------------------------
     0 | D:1      | DeathPants the Ghoul Venom Mage began the quest for the
                  | Orb.
     0 | D:1      | Reached XP level 1. HP: 14/14 MP: 2/2
   324 | D:1      | Reached XP level 2. HP: 8/20 MP: 0/4
   336 | D:1      | Learned a level 2 spell: Poisonous Vapours
   502 | D:1      | Found a faded altar of an unknown god.
   543 | D:1      | Slain by a worm

Illustrated notes

Levels and vault maps discovered:
D:1:      lordsloth_arrival_two_stooges, layout_basic,
          chequers_ecumenical_altar_simple
D:2:      layout_loops_ring, uniq_jessica

Skill      XL: |  1 |
---------------+----+-----
Spellcasting   | 2 |  2.2
Dodging        | |  1.7
Stealth        | |  2.1
Transmutations | |  0.8
Poison Magic   | |  3.4

Action                     || total
---------------------------++-------
  Melee: Unarmed           ||    11
         Dagger            ||    27
   Cast: Sting             ||    10
 Armour: Robe              ||    13
  Dodge: Dodged            ||    46

Table legend: (Time is in decaauts)
 A = Elapsed time spent in this place.
 B = Non-inter-level travel time spent in this place.
 C = Inter-level travel time spent in this place.
 D = Time resting spent in this place.
 E = Time spent auto-exploring this place.
 F = Levels seen in this place.
 G = Mean time per level.
                   A        B        C        D        E       F      G
               +--------+--------+--------+--------+--------+-----+--------+
         Total |    543 |    543 |      0 |    174 |    145 |   2 |  271.5 |
       Dungeon |    543 |    543 |      0 |    174 |    145 |   2 |  271.5 |
               +--------+--------+--------+--------+--------+-----+--------+

Top non-repeatable levels by time:
     D:1: 539 daAuts
     D:2: 3 daAuts
